[Event "IIFL Wealth 4th Mumbai Open"]
[Site "Mumbai"]
[Date "2018.12.30"]
[Round "1"]
[White "Sa, Kannan"]
[Black "Avathanshu, Bhat"]
[Result "1-0"]
[ECO "B40"]
[WhiteElo "2069"]
[BlackElo "1315"]
[Annotator "NA"]
[PlyCount "45"]
[EventDate "2018.12.30"]
[EventType "swiss"]
[EventCountry "IND"]
[SourceTitle "playchess.com"]
[Source "ChessBase"]
[SourceQuality "1"]
[TimeControl "40/5400+30:1800+30"]

1. e4 c5 2. Nf3 e6 3. c3 Nf6 4. d3 Nc6 5. Be2 d5 6. Qc2 Qc7 7. Bg5 Be7 8. Nbd2 O-O 9. O-O b6 10. Rfe1 Nd7 11. exd5 exd5 12. d4 c4 13. Bxe7 Nxe7 14. Bxc4 dxc4 15. Rxe7 Bb7 16. Ne5 Rad8 17. Qf5 Bc8 18. Nxf7 Rde8 19. Nh6+ Kh8 20. Rxe8 Rxe8 21. Qf7 Rf8 22. Qg8+ Rxg8 23. Nf7# 1-0

[Event "IIFL Wealth 4th Mumbai Open"]
[Site "Mumbai"]
[Date "2018.12.30"]
[Round "1"]
[White "Vahdatian, Davood"]
[Black "Mitank, Maru"]
[Result "1-0"]
[ECO "A95"]
[WhiteElo "2036"]
[BlackElo "1312"]
[Annotator "NA"]
[PlyCount "61"]
[EventDate "2018.12.30"]
[EventType "swiss"]
[EventCountry "IND"]
[SourceTitle "playchess.com"]
[Source "ChessBase"]
[SourceQuality "1"]
[TimeControl "40/5400+30:1800+30"]

1. c4 f5 2. Nc3 Nf6 3. d4 e6 4. g3 Be7 5. Bg2 O-O 6. Nf3 d5 7. O-O c6 8. cxd5 exd5 9. Rb1 Nbd7 10. b4 a6 11. a4 b5 12. axb5 axb5 13. Qc2 Nb6 14. Ne5 Bb7 15. Qxf5 Qd6 16. Qc2 Rfc8 17. Bh3 Rd8 18. Nf7 Qc7 19. Be6 Kf8 20. Bf4 Bd6 21. Nxd6 Rxd6 22. Nxb5 Qd8 23. Bxd6+ Ke8 24. Nc7+ Qxc7 25. Bxc7 Nbd7 26. b5 cxb5 27. Rxb5 Ra7 28. Bd6 Ba6 29. Qc6 g6 30. Rb8+ Bc8 31. Rxc8# 1-0

[Event "IIFL Wealth 4th Mumbai Open"]
[Site "Mumbai"]
[Date "2018.12.30"]
[Round "1"]
[White "Thatte, Ashish P"]
[Black "Kunder, Pratik"]
[Result "1-0"]
[ECO "E91"]
[WhiteElo "1957"]
[BlackElo "1300"]
[Annotator "NA"]
[PlyCount "51"]
[EventDate "2018.12.30"]
[EventType "swiss"]
[EventCountry "IND"]
[SourceTitle "playchess.com"]
[Source "ChessBase"]
[SourceQuality "1"]
[TimeControl "40/5400+30:1800+30"]

1. d4 Nf6 2. c4 d6 3. Nc3 g6 4. e4 Bg7 5. Nf3 O-O 6. Be2 Nbd7 7. O-O c6 8. Be3 Qc7 9. Qd2 a6 10. Rac1 e5 11. dxe5 dxe5 12. h3 Re8 13. Rfd1 Bf8 14. Qc2 Nc5 15. b4 Ne6 16. c5 Nh5 17. Na4 Nhf4 18. Bf1 Be7 19. Qb2 Ng5 20. Nxe5 Nfxh3+ 21. gxh3 Qxe5 22. Qxe5 Nf3+ 23. Kg2 Nxe5 24. Nb6 Rb8 25. Nxc8 Rbxc8 26. f4 1-0

[Event "IIFL Wealth 4th Mumbai Open"]
[Site "Mumbai"]
[Date "2018.12.30"]
[Round "1"]
[White "Shanmukha, Pulli"]
[Black "Vivaan, Vijay Saraogi"]
[Result "0-1"]
[ECO "A45"]
[WhiteElo "1868"]
[BlackElo "1290"]
[Annotator "NA"]
[PlyCount "58"]
[EventDate "2018.12.30"]
[EventType "swiss"]
[EventCountry "IND"]
[SourceTitle "playchess.com"]
[Source "ChessBase"]
[SourceQuality "1"]
[TimeControl "40/5400+30:1800+30"]

1. d4 Nf6 2. Bf4 e6 3. e3 b6 4. Nd2 Bb7 5. Ngf3 Be7 6. Bd3 c5 7. c3 O-O 8. Qe2 d6 9. h3 Nbd7 10. Bh2 cxd4 11. exd4 Nd5 12. O-O N7f6 13. Rfe1 Nh5 14. g3 Rc8 15. a3 Re8 16. Bb5 Bc6 17. Ba6 Rb8 18. Bd3 Bf8 19. c4 Nc7 20. Ne5 dxe5 21. Qxh5 f5 22. Rxe5 Qxd4 23. Qe2 Rbd8 24. Re3 Qxb2 25. Rb1 Qxa3 26. Bxf5 exf5 27. Nf1 Rxe3 28. Nxe3 Qd3 29. Qe1 Qe4 0-1

[Event "IIFL Wealth 4th Mumbai Open"]
[Site "Mumbai"]
[Date "2018.12.30"]
[Round "1"]
[White "Unni, C. S."]
[Black "Shashank, Chakradhari"]
[Result "0-1"]
[ECO "D11"]
[WhiteElo "1827"]
[BlackElo "1276"]
[Annotator "NA"]
[PlyCount "56"]
[EventDate "2018.12.30"]
[EventType "swiss"]
[EventCountry "IND"]
[SourceTitle "playchess.com"]
[Source "ChessBase"]
[SourceQuality "1"]
[TimeControl "40/5400+30:1800+30"]

1. d4 d5 2. c4 c6 3. Nf3 Nf6 4. g3 Bf5 5. Bg2 e6 6. O-O Be7 7. Nc3 Nbd7 8. b3 Ne4 9. Bb2 Ndf6 10. Ne5 Nxc3 11. Bxc3 Ne4 12. Bb2 f6 13. Nd3 Ng5 14. h4 Ne4 15. e3 h5 16. Bf3 Qc7 17. Kg2 O-O-O 18. Bxh5 g5 19. hxg5 Nxg5 20. Bg4 Be4+ 21. f3 Bg6 22. cxd5 f5 23. Ne5 Be8 24. f4 Ne4 25. Bf3 Nxg3 26. dxc6 Bxc6 27. Bxc6 bxc6 28. Rc1 c5 0-1

[Event "IIFL Wealth 4th Mumbai Open"]
[Site "Mumbai"]
[Date "2018.12.30"]
[Round "1"]
[White "Aditya, Varun Gampa"]
[Black "Rane, Parnavi"]
[Result "1-0"]
[ECO "B76"]
[WhiteElo "1809"]
[BlackElo "1273"]
[Annotator "NA"]
[PlyCount "43"]
[EventDate "2018.12.30"]
[EventType "swiss"]
[EventCountry "IND"]
[SourceTitle "playchess.com"]
[Source "ChessBase"]
[SourceQuality "1"]
[TimeControl "40/5400+30:1800+30"]

1. e4 c5 2. Nf3 d6 3. d4 cxd4 4. Nxd4 Nf6 5. Nc3 g6 6. Be3 Bg7 7. f3 O-O 8. Qd2 Nc6 9. g4 Be6 10. Nxe6 fxe6 11. Be2 d5 12. g5 Nxe4 13. Nxe4 dxe4 14. fxe4 Qc7 15. O-O-O Qe5 16. c3 Qxe4 17. Bd3 Qa4 18. Kb1 Ne5 19. Qc2 Qxc2+ 20. Bxc2 Ng4 21. Bc5 Rfc8 22. Bg1 1-0

[Event "IIFL Wealth 4th Mumbai Open"]
[Site "Mumbai"]
[Date "2018.12.30"]
[Round "1"]
[White "Barde, Om"]
[Black "Keshav, Padmanabhan"]
[Result "0-1"]
[ECO "C50"]
[WhiteElo "1801"]
[BlackElo "1272"]
[Annotator "NA"]
[PlyCount "100"]
[EventDate "2018.12.30"]
[EventType "swiss"]
[EventCountry "IND"]
[SourceTitle "playchess.com"]
[Source "ChessBase"]
[SourceQuality "1"]
[TimeControl "40/5400+30:1800+30"]

1. e4 e5 2. Nf3 Nc6 3. Bc4 Bc5 4. d3 h6 5. c3 Nf6 6. h3 d6 7. O-O O-O 8. a4 a5 9. Re1 Re8 10. Qb3 Qe7 11. Nbd2 Be6 12. Nf1 Be3 13. Bxe3 Qd7 14. Bxe6 Qxe6 15. Qb5 Qd7 16. Re2 b6 17. Rae1 Ne7 18. Qb3 Ng6 19. Bc1 Re7 20. Nxe5 dxe5 21. Ng3 Re6 22. Qc2 c6 23. Bd2 b5 24. axb5 cxb5 25. Qc1 Ne7 26. Re3 Kh7 27. Rf3 Qc6 28. Kh2 Rd6 29. Qa1 a4 30. Qb1 Rxd3 31. Qc1 a3 32. bxa3 Rxc3 33. Qb2 Ng6 34. Qb4 Rb3 35. Ne2 Rbxa3 36. Qb1 R3a4 37. Nc1 Qd7 38. Ne2 Qc6 39. Rd1 Qxe4 40. Qxe4 Nxe4 41. Be3 f6 42. g3 b4 43. Nc1 Ra3 44. Rd7 b3 45. Nd3 Nd6 46. Rb7 Nc4 47. Rb6 Nxb6 48. Bc1 e4 49. Bxa3 exd3 50. Rxd3 b2 0-1

[Event "IIFL Wealth 4th Mumbai Open"]
[Site "Mumbai"]
[Date "2018.12.30"]
[Round "1"]
[White "Boramanikar, Tanisha S"]
[Black "Pandit, Harsh"]
[Result "0-1"]
[ECO "C44"]
[WhiteElo "1782"]
[BlackElo "1267"]
[Annotator "NA"]
[PlyCount "102"]
[EventDate "2018.12.30"]
[EventType "swiss"]
[EventCountry "IND"]
[SourceTitle "playchess.com"]
[Source "ChessBase"]
[SourceQuality "1"]
[TimeControl "40/5400+30:1800+30"]

1. e4 e5 2. Nf3 Nc6 3. d4 exd4 4. Bc4 h6 5. O-O d6 6. Nxd4 Nf6 7. Nc3 Be7 8. Nd5 O-O 9. Re1 Ne5 10. Bb3 Bd7 11. f4 Nc6 12. Nf3 Re8 13. Bd2 Bf8 14. Nxf6+ Qxf6 15. c3 Na5 16. Bd5 Bc6 17. b3 b6 18. c4 Bxd5 19. cxd5 Nb7 20. Qc2 Rac8 21. b4 Re7 22. Qa4 Ra8 23. Qa6 Nd8 24. Rac1 Rd7 25. Rc4 Qe7 26. Nd4 g6 27. Nb5 Bg7 28. Rec1 f5 29. exf5 Qe2 30. R1c2 gxf5 31. Qa3 a6 32. Nxc7 Rxc7 33. Qc1 Rxc4 34. Rxc4 Qd3 35. Be3 b5 36. Rc7 Qxd5 37. Qe1 Ne6 38. Rc2 Bd4 39. Qg3+ Kf7 40. Rd2 Bxe3+ 41. Qxe3 Qc6 42. Re2 Re8 43. Kf2 Nc7 44. Qd3 Rxe2+ 45. Qxe2 Qb6+ 46. Kg3 Kg6 47. Kh4 Qg1 48. h3 Qb1 49. Qe7 Qxb4 50. g3 Qc5 51. Qd8 Qd4 0-1

[Event "IIFL Wealth 4th Mumbai Open"]
[Site "Mumbai"]
[Date "2018.12.30"]
[Round "1"]
[White "Devesh, Anand Naik"]
[Black "Ghadge, Harsh"]
[Result "1-0"]
[ECO "C77"]
[WhiteElo "1763"]
[BlackElo "1265"]
[Annotator "NA"]
[PlyCount "67"]
[EventDate "2018.12.30"]
[EventType "swiss"]
[EventCountry "IND"]
[SourceTitle "playchess.com"]
[Source "ChessBase"]
[SourceQuality "1"]
[TimeControl "40/5400+30:1800+30"]

1. e4 e5 2. Nf3 Nc6 3. Bb5 a6 4. Ba4 Nf6 5. d3 b5 6. Bb3 Be7 7. a4 Bb7 8. Nc3 Bb4 9. O-O Bxc3 10. bxc3 O-O 11. axb5 axb5 12. Rxa8 Bxa8 13. Re1 Re8 14. Ng5 Re7 15. f4 h6 16. Nf3 d6 17. Nh4 Re8 18. fxe5 dxe5 19. Qf3 Bb7 20. Rf1 h5 21. Bg5 Na5 22. Bxf6 gxf6 23. Nf5 Re6 24. Qg3+ Kf8 25. Qg7+ Ke8 26. Qg8+ Kd7 27. Qxf7+ Re7 28. Be6+ Kc6 29. Nxe7+ Kb6 30. Nd5+ Bxd5 31. Bxd5 c6 32. Rxf6 Kc5 33. Qa7+ Qb6 34. Qe7# 1-0

[Event "IIFL Wealth 4th Mumbai Open"]
[Site "Mumbai"]
[Date "2018.12.30"]
[Round "1"]
[White "Kapadi, Yash"]
[Black "Singh, Kauts"]
[Result "1-0"]
[ECO "A46"]
[WhiteElo "1749"]
[BlackElo "1252"]
[Annotator "NA"]
[PlyCount "33"]
[EventDate "2018.12.30"]
[EventType "swiss"]
[EventCountry "IND"]
[SourceTitle "playchess.com"]
[Source "ChessBase"]
[SourceQuality "1"]
[TimeControl "40/5400+30:1800+30"]

1. d4 Nf6 2. Nf3 d5 3. c4 e6 4. g3 c6 5. Bg2 Bb4+ 6. Nbd2 O-O 7. O-O Re8 8. a3 Bf8 9. Qc2 Nbd7 10. Rd1 g6 11. e4 Nxe4 12. Nxe4 dxe4 13. Qxe4 Nf6 14. Qh4 h5 15. Bg5 Bg7 16. Nd2 e5 17. Ne4 1-0

[Event "IIFL Wealth 4th Mumbai Open"]
[Site "Mumbai"]
[Date "2018.12.30"]
[Round "1"]
[White "Arhan, Chethan Anand"]
[Black "Roy, Aanya"]
[Result "1-0"]
[ECO "D35"]
[WhiteElo "1710"]
[BlackElo "1232"]
[Annotator "NA"]
[PlyCount "137"]
[EventDate "2018.12.30"]
[EventType "swiss"]
[EventCountry "IND"]
[SourceTitle "playchess.com"]
[Source "ChessBase"]
[SourceQuality "1"]
[TimeControl "40/5400+30:1800+30"]

1. d4 e6 2. c4 d5 3. Nc3 Nf6 4. cxd5 exd5 5. Bg5 Nbd7 6. e3 Be7 7. Qc2 c6 8. Bd3 O-O 9. Nf3 Re8 10. h3 Nf8 11. Bf4 Ne6 12. Bh2 g6 13. O-O Ng7 14. Rab1 Bf5 15. Bxf5 Nxf5 16. b4 Bd6 17. Bxd6 Nxd6 18. Ne5 Nd7 19. Nxd7 Qxd7 20. a4 Ne4 21. Nxe4 Rxe4 22. b5 Ree8 23. bxc6 bxc6 24. Rfc1 Rac8 25. Qc5 Qe7 26. Rb2 Qxc5 27. Rxc5 Re7 28. Kf1 Kg7 29. Rbc2 Rec7 30. f3 Kf6 31. Ke2 Ke6 32. Rb2 f6 33. a5 Kd6 34. Kd3 f5 35. a6 Re8 36. Rb1 Rce7 37. Re1 f4 38. e4 Rc7 39. e5+ Kd7 40. Rb1 Rec8 41. Rb4 Ke6 42. Rb7 Kd7 43. Rb4 Ke6 44. Rc2 Kd7 45. Rcb2 g5 46. Rb7 Rxb7 47. Rxb7+ Rc7 48. Kc3 Kd8 49. Rxc7 Kxc7 50. Kb4 Kb6 51. e6 c5+ 52. dxc5+ Kc6 53. Kc3 Kc7 54. Kd4 Kc6 55. e7 Kd7 56. Kxd5 Kxe7 57. Kc6 Kd8 58. Kb7 Kd7 59. c6+ Kd8 60. c7+ Kd7 61. c8=Q+ Ke7 62. Kxa7 Kd6 63. Kb6 Ke7 64. a7 Kd6 65. a8=Q Ke5 66. Qe4+ Kf6 67. Qee6+ Kg7 68. Qcd7+ Kh8 69. Qee8# 1-0

[Event "IIFL Wealth 4th Mumbai Open"]
[Site "Mumbai"]
[Date "2018.12.30"]
[Round "1"]
[White "Tamhankar, Siddhant"]
[Black "Gupta, Eshaan"]
[Result "1-0"]
[ECO "B83"]
[WhiteElo "1704"]
[BlackElo "1227"]
[Annotator "NA"]
[PlyCount "57"]
[EventDate "2018.12.30"]
[EventType "swiss"]
[EventCountry "IND"]
[SourceTitle "playchess.com"]
[Source "ChessBase"]
[SourceQuality "1"]
[TimeControl "40/5400+30:1800+30"]

1. e4 c5 2. Nf3 d6 3. d4 cxd4 4. Nxd4 Nf6 5. Nc3 Nc6 6. Be2 e6 7. O-O a6 8. Be3 Be7 9. f4 Qc7 10. Bf3 Bd7 11. Qe1 O-O 12. Rd1 e5 13. Nxc6 Bxc6 14. f5 b5 15. g4 b4 16. Nd5 Bxd5 17. exd5 Qxc2 18. Rd2 Qc7 19. g5 Nd7 20. f6 gxf6 21. gxf6 Bxf6 22. Bh6 Rfe8 23. Bg4 Bg7 24. Bxd7 Bxh6 25. Rg2+ Kh8 26. Bxe8 Rxe8 27. Qxb4 Rb8 28. Qh4 Bf4 29. Qf6# {[%emt 0:00:09] Bh6 Qh4 Bg7 Qg5 Rg8 Rc1 Qb6+ Kh1} 1-0

[Event "IIFL Wealth 4th Mumbai Open"]
[Site "Mumbai"]
[Date "2018.12.30"]
[Round "1"]
[White "Mayank, Chakraborty"]
[Black "Iyer, A N"]
[Result "1-0"]
[ECO "C00"]
[WhiteElo "1691"]
[BlackElo "1217"]
[Annotator "NA"]
[PlyCount "95"]
[EventDate "2018.12.30"]
[EventType "swiss"]
[EventCountry "IND"]
[SourceTitle "playchess.com"]
[Source "ChessBase"]
[SourceQuality "1"]
[TimeControl "40/5400+30:1800+30"]

1. e4 d6 2. d4 e6 3. Nc3 Nf6 4. Bf4 Nbd7 5. Nf3 c6 6. a4 Be7 7. Bd3 Qc7 8. Qd2 e5 9. dxe5 dxe5 10. Be3 Nc5 11. Bxc5 Bxc5 12. Qg5 O-O 13. Qxe5 Qxe5 14. Nxe5 Bd4 15. Nc4 Be6 16. Nd2 Rfe8 17. O-O a6 18. Nf3 Rad8 19. Nxd4 Rxd4 20. f3 Red8 21. Rfd1 Kf8 22. Bf1 Ke7 23. Kf2 Rxd1 24. Rxd1 Rxd1 25. Nxd1 Nd7 26. Ke3 Nb6 27. b3 Kd6 28. Nb2 f6 29. Nd3 c5 30. Nb2 f5 31. a5 Nc8 32. Bd3 Ne7 33. Kf4 g6 34. Kg5 Ke5 35. f4+ Kd6 36. e5+ Kd7 37. Kh6 Nc6 38. Kxh7 Nxa5 39. Kxg6 b5 40. h4 c4 41. bxc4 bxc4 42. Bxf5 c3 43. Na4 Bxf5+ 44. Kxf5 Nc4 45. Nxc3 Ne3+ 46. Kg6 Ke6 47. g3 a5 48. h5 1-0

[Event "IIFL Wealth 4th Mumbai Open"]
[Site "Mumbai"]
[Date "2018.12.30"]
[Round "1"]
[White "Shorya, Lakshayjeet"]
[Black "Raghav, Srivathsav V"]
[Result "0-1"]
[ECO "E63"]
[WhiteElo "1314"]
[BlackElo "2056"]
[Annotator "NA"]
[PlyCount "93"]
[EventDate "2018.12.30"]
[EventType "swiss"]
[EventCountry "IND"]
[SourceTitle "playchess.com"]
[Source "ChessBase"]
[SourceQuality "1"]
[TimeControl "40/5400+30:1800+30"]

1. d4 Nf6 2. c4 g6 3. Nc3 Bg7 4. g3 O-O 5. Bg2 d6 6. Nf3 Nc6 7. O-O a6 8. Bf4 Ng4 9. h3 e5 10. Bg5 f6 11. Be3 Nxe3 12. fxe3 e4 13. Nxe4 Bh6 14. Qd3 Qe7 15. a3 f5 16. Nc3 Qxe3+ 17. Qxe3 Bxe3+ 18. Kh2 Bxd4 19. Nxd4 Nxd4 20. Rad1 Ne6 21. Nd5 Bd7 22. e4 Ba4 23. Rd2 fxe4 24. Rxf8+ Rxf8 25. Bxe4 Kg7 26. h4 Bb3 27. Ne3 Nc5 28. Bd5 c6 29. Bg2 Re8 30. Nd1 Bxc4 31. Rxd6 Re2 32. Kh3 Be6+ 33. g4 h5 34. Kg3 Bxg4 35. Bf3 Ne4+ 36. Bxe4 Rxe4 37. Nf2 Re3+ 38. Kg2 Re2 39. b4 Bf5 40. Kf3 Ra2 41. Ne4 Rxa3+ 42. Kf4 Rh3 43. Ke5 Re3 44. Rd4 Rxe4+ 45. Rxe4 Bxe4 46. Kxe4 Kf6 47. Kd4 {Ke5+} 0-1

[Event "IIFL Wealth 4th Mumbai Open"]
[Site "Mumbai"]
[Date "2018.12.30"]
[Round "1"]
[White "Lasani, H Kothari"]
[Black "Samrat, Ghorai"]
[Result "0-1"]
[ECO "B43"]
[WhiteElo "1311"]
[BlackElo "1984"]
[Annotator "NA"]
[PlyCount "76"]
[EventDate "2018.12.30"]
[EventType "swiss"]
[EventCountry "IND"]
[SourceTitle "playchess.com"]
[Source "ChessBase"]
[SourceQuality "1"]
[TimeControl "40/5400+30:1800+30"]

1. e4 c5 2. Nf3 e6 3. d4 cxd4 4. Nxd4 a6 5. Nc3 Qc7 6. Bd3 Nf6 7. Bg5 Be7 8. Qd2 b5 9. a3 Bb7 10. f3 h6 11. Bh4 Nxe4 12. Nxe4 Bxh4+ 13. g3 Be7 14. O-O-O f5 15. Nc3 Bg5 16. f4 Bf6 17. Be2 Bxh1 18. Bh5+ Kf8 19. Rxh1 Nc6 20. Nxc6 Qxc6 21. Rd1 Ke7 22. Qe3 Rac8 23. Bf3 Qc5 24. Qxc5+ Rxc5 25. Ne2 a5 26. Kb1 b4 27. axb4 axb4 28. Bg2 g5 29. Rd3 g4 30. h3 gxh3 31. Bxh3 h5 32. Nc1 h4 33. Nb3 Rc4 34. Nd2 Rd4 35. Rxd4 Bxd4 36. Nf3 hxg3 37. Bg2 Be3 38. Ne5 Rh2 0-1

[Event "IIFL Wealth 4th Mumbai Open"]
[Site "Mumbai"]
[Date "2018.12.30"]
[Round "1"]
[White "Sohanganesh, Uddhav Nikam"]
[Black "Kothari, Swapnil"]
[Result "0-1"]
[ECO "B50"]
[WhiteElo "1299"]
[BlackElo "1870"]
[Annotator "NA"]
[PlyCount "71"]
[EventDate "2018.12.30"]
[EventType "swiss"]
[EventCountry "IND"]
[SourceTitle "playchess.com"]
[Source "ChessBase"]
[SourceQuality "1"]
[TimeControl "40/5400+30:1800+30"]

1. e4 c5 2. Nf3 d6 3. Bc4 e6 4. Nc3 Nc6 5. a4 a6 6. O-O Nf6 7. Re1 Be7 8. e5 dxe5 9. Nxe5 Nxe5 10. Rxe5 Qd4 11. Qe2 Bd6 12. Re3 Bd7 13. Qd3 Ng4 14. Re2 Bxh2+ 15. Kf1 Bd6 16. Qxd4 cxd4 17. Ne4 Be7 18. b3 Ne5 19. d3 O-O 20. Nc5 Nxc4 21. Nxd7 Rfd8 22. dxc4 Rxd7 23. Rd2 Bb4 24. Rd3 Bc3 25. Rb1 e5 26. f3 f5 27. Bb2 e4 28. Rdd1 Rad8 29. Ke2 Bb4 30. Bc1 d3+ 31. cxd3 exd3+ 32. Kf2 d2 33. Bb2 Re8 34. f4 Re1 35. Be5 Rd3 36. Bd4 0-1

[Event "IIFL Wealth 4th Mumbai Open"]
[Site "Mumbai"]
[Date "2018.12.30"]
[Round "1"]
[White "Vishal, Shewale"]
[Black "Dave, Sneh"]
[Result "1-0"]
[ECO "C51"]
[WhiteElo "1287"]
[BlackElo "1851"]
[Annotator "NA"]
[PlyCount "167"]
[EventDate "2018.12.30"]
[EventType "swiss"]
[EventCountry "IND"]
[SourceTitle "playchess.com"]
[Source "ChessBase"]
[SourceQuality "1"]
[TimeControl "40/5400+30:1800+30"]

1. e4 e5 2. Nf3 Nc6 3. Bc4 Bc5 4. b4 Bxb4 5. c3 Bd6 6. d4 Nf6 7. Ng5 O-O 8. f4 exd4 9. e5 Bc5 10. exf6 Qxf6 11. Qh5 h6 12. Nxf7 d5 13. Qxd5 Be6 14. Qxc5 Bxf7 15. Qh5 Be6 16. Qc5 Bf7 17. Qh5 Be6 18. Qc5 Bf7 19. O-O b6 20. Bxf7+ Rxf7 21. Qc4 {Rff8 Qc5 Rf7 Qc4 Rff8 Qc5 Rf7 Qc4} Rd8 22. Qc5 Ra8 23. Qc4 Rd8 24. Qc5 Ra8 25. Qc4 Rd8 26. Qd3 Rfd7 27. Qc4+ Rf7 28. Qd3 Rfd7 29. Bb2 Rf7 30. Bc1 Rfd7 31. Bb2 Rf7 32. Bc1 Rfd7 33. Bb2 Kh8 34. Na3 Kg8 35. Nb1 Kh8 36. Na3 Kg8 37. Nb1 Kh8 38. Na3 dxc3 39. Qxc3 Qxc3 40. Bxc3 Rd3 41. Rac1 Nd4 42. Rfe1 c5 43. Nc4 Nb5 44. Bb2 Nd6 45. Bc3 Nb5 46. Bb2 Nd6 47. Re2 Nf5 48. Ne5 Rd1+ 49. Rxd1 Rxd1+ 50. Kf2 h5 51. Nf3 Kg8 52. Rd2 Rb1 53. Ng5 Kf8 54. Ne4 Ke7 55. Nc3 Rh1 56. h3 h4 57. Rd1 Rxd1 58. Nxd1 Ke6 59. Ne3 Ke7 60. Nd1 Ke6 61. Ne3 g6 62. Nxf5 Kxf5 63. Ke3 b5 64. Ba3 b4 65. Bc1 a5 66. Kd3 a4 67. Kc4 Ke4 68. Bd2 Kf5 69. Bc1 Ke4 70. Bd2 b3 71. axb3 axb3 72. Kxb3 Kd3 73. Bc3 Ke2 74. Kc4 {Kd3+ Kb3 Ke2 Kc4} Kf2 75. Bf6 Kxg2 76. Bxh4 Kxh3 77. Bg5 Kg2 78. Bh4 Kh3 79. Bg5 Kg4 80. Kxc5 Kf5 81. Kd5 Kg4 82. Ke5 Kh5 83. Kf6 Kg4 84. Kxg6 1-0

[Event "IIFL Wealth 4th Mumbai Open"]
[Site "Mumbai"]
[Date "2018.12.30"]
[Round "1"]
[White "Borade, Sagar"]
[Black "Krishnan, Ritvik"]
[Result "0-1"]
[ECO "B30"]
[WhiteElo "1275"]
[BlackElo "1812"]
[Annotator "NA"]
[PlyCount "168"]
[EventDate "2018.12.30"]
[EventType "swiss"]
[EventCountry "IND"]
[SourceTitle "playchess.com"]
[Source "ChessBase"]
[SourceQuality "1"]
[TimeControl "40/5400+30:1800+30"]

1. e4 c5 2. Nf3 Nc6 3. Nc3 e5 4. d3 d6 5. a3 Nf6 6. Be2 Be7 7. Bf1 Bf8 8. Be2 Be7 9. Bf1 Bf8 10. Be2 Be7 11. h3 O-O 12. O-O h6 13. Re1 Be6 14. Rf1 Bc8 15. Re1 Be6 16. Bd2 Nh7 17. g4 Ng5 18. Nxg5 Bxg5 19. Qc1 Bxd2 20. Qxd2 Qh4 21. Bf1 h5 22. f3 Nd4 23. Qg2 Nc6 24. Qd2 Nd4 25. Qg2 Rae8 26. Rac1 Ra8 27. Ra1 Rae8 28. Rac1 f5 29. exf5 Bxf5 30. Ne2 Be6 31. Nc3 Bf5 32. Ne2 Bxd3 33. Nxd4 Bxf1 34. Rxf1 exd4 35. Rcd1 Re3 36. Rd3 Ree8 37. Rdd1 Re3 38. Rd3 Ree8 39. Rdd1 Re3 40. Rd3 Re1 41. Rd1 Rxd1 42. Rxd1 Qf6 43. Rf1 hxg4 44. hxg4 Re8 45. Qg3 Re3 46. Rf2 Re8 47. Rf1 Re3 48. Rf2 Re8 49. Rf1 Re3 50. Rf2 Qe5 51. Kg2 Qxg3+ 52. Kxg3 g5 53. Rh2 Kg7 54. Kf2 c4 55. Rh1 Re5 56. Rd1 Rd5 57. Ke2 Kf6 58. Kf2 b5 59. c3 dxc3 60. Rxd5 c2 61. Rxd6+ Ke5 62. Rd1 Kf6 63. Rd6+ Ke5 64. Rd1 Kf6 65. Rd6+ Ke5 66. Rd2 c1=Q 67. Re2+ Kf6 68. Kg2 c3 69. bxc3 Qxc3 70. Rf2 Qxa3 71. f4 gxf4 72. Rf3 Qb2+ 73. Kh3 Kg5 74. Rf2 Qb3+ 75. Kg2 Kxg4 76. Kh2 Qg3+ 77. Kh1 Qb3 78. Kh2 Qg3+ 79. Kh1 Kh3 80. Re2 f3 81. Rf2 a6 82. Re2 Qd6 83. Re1 Qd2 84. Rg1 Qh2# 0-1

[Event "IIFL Wealth 4th Mumbai Open"]
[Site "Mumbai"]
[Date "2018.12.30"]
[Round "1"]
[White "Sawalakhe, Jay"]
[Black "Tanuj, Dayal"]
[Result "0-1"]
[ECO "B42"]
[WhiteElo "1273"]
[BlackElo "1803"]
[Annotator "NA"]
[PlyCount "188"]
[EventDate "2018.12.30"]
[EventType "swiss"]
[EventCountry "IND"]
[SourceTitle "playchess.com"]
[Source "ChessBase"]
[SourceQuality "1"]
[TimeControl "40/5400+30:1800+30"]

1. e4 c5 2. Nf3 e6 3. d4 cxd4 4. Nxd4 a6 5. Bd3 Nf6 6. O-O Qc7 7. Qe2 d6 8. Nc3 Be7 9. f4 Nbd7 10. g4 Nc5 11. g5 Nfd7 12. Nd1 b5 13. h4 Bb7 14. b3 d5 15. Nf2 O-O 16. Qe3 Rac8 17. Bb2 Rfd8 18. Rac1 dxe4 19. Nxe4 Nxe4 20. Bxe4 Bxe4 21. Qxe4 Nc5 22. Qe3 Bd6 23. f5 e5 24. Nf3 Re8 25. Kg2 Qd7 26. Rcd1 Qxf5 27. Rxd6 Qg4+ 28. Kh2 Ne4 29. Rd2 Qg3+ 30. Kh1 Qh3+ 31. Kg1 Nxd2 32. Qxd2 Rc5 33. Qf2 Qg4+ 34. Kh1 Qh3+ 35. Kg1 e4 36. Ne5 Rc7 37. Re1 f6 38. Re3 Qe6 39. gxf6 Qxf6 40. Qxf6 gxf6 41. Ng4 Rg7 42. Rg3 Re6 43. Nxf6+ Rxf6 44. Rxg7+ Kxg7 45. Bxf6+ Kxf6 46. Kf2 b4 47. Ke2 h5 48. Kd2 Kf5 49. c3 bxc3+ 50. Kxc3 Kf4 51. Kd2 Kg4 52. a4 a5 53. b4 axb4 54. a5 b3 55. a6 b2 56. Kc2 e3 57. a7 e2 58. a8=Q b1=Q+ 59. Kxb1 e1=Q+ 60. Kb2 Qd2+ 61. Kb3 Qd1+ 62. Kb2 Kxh4 63. Qe4+ Kh3 64. Qe3+ Kg2 65. Qe4+ Qf3 66. Qg6+ Kh2 67. Qd6+ Qg3 68. Qc5 h4 69. Kc2 h3 70. Kd2 Qg2+ 71. Kd3 Qf3+ 72. Kc4 Kh1 73. Qa7 h2 74. Qa1+ Kg2 75. Qb2+ Qf2 76. Qg7+ Qg3 77. Qb7+ Kh3 78. Kc5 Qg1+ 79. Kd6 Qd1+ 80. Ke5 h1=Q 81. Qh7+ Kg3 82. Qc7 Qdd5+ 83. Kf6+ Kg4 84. Qg7+ Kf3 85. Qf7 Qxf7+ 86. Kxf7 Qh6 87. Ke7 Qc6 88. Kf7 Qd6 89. Kg7 Qe6 90. Kh8 Kg4 91. Kh7 Kg5 92. Kh8 Qe7 93. Kg8 Kg6 94. Kh8 Qg7# 0-1

[Event "IIFL Wealth 4th Mumbai Open"]
[Site "Mumbai"]
[Date "2018.12.30"]
[Round "1"]
[White "Dalal, Nandish"]
[Black "Abhinessh, S."]
[Result "0-1"]
[ECO "B07"]
[WhiteElo "1269"]
[BlackElo "1790"]
[Annotator "NA"]
[PlyCount "92"]
[EventDate "2018.12.30"]
[EventType "swiss"]
[EventCountry "IND"]
[SourceTitle "playchess.com"]
[Source "ChessBase"]
[SourceQuality "1"]
[TimeControl "40/5400+30:1800+30"]

1. e4 d6 2. d4 Nf6 3. Nc3 c6 4. h3 Qc7 5. Nf3 e5 6. Bd3 Be7 7. O-O O-O 8. Be3 b5 9. Ne2 a6 10. a4 Bb7 11. Ng3 Re8 12. dxe5 dxe5 13. a5 c5 14. c3 Nc6 15. b4 cxb4 16. Bb6 Qd7 17. c4 bxc4 18. Bxc4 Bd8 19. Qb3 Bxb6 20. axb6 Nd4 21. Nxd4 exd4 22. Qxb4 Nxe4 23. Nxe4 Rxe4 24. Bd3 Re5 25. Ra5 Qc6 26. f3 Rxa5 27. Qxa5 Qc3 28. Qxc3 dxc3 29. Bc2 Kf8 30. Rd1 Ke7 31. Ba4 Rd8 32. Rxd8 Kxd8 33. Kf2 Bc6 34. Bc2 Kc8 35. Ke3 Kb7 36. Kd4 Kxb6 37. Kxc3 Kc5 38. Kd3 Kb4 39. Bb1 Bd5 40. Kd4 Be6 41. g4 a5 42. f4 a4 43. f5 Bc4 44. h4 a3 45. g5 g6 46. fxg6 hxg6 0-1